[Event "November 21 Early 2023"]
[Site "https://www.chess.com"]
[Date "2023.11.21"]
[Round "1"]
[White "reevecanada"]
[Black "Weak-Player_EGY"]
[Result "1-0"]
[Board "117"]
[TimeControl "180+1"]
[WhiteElo "2704"]
[BlackElo "2407"]
[WhiteClock "0:02:05"]
[BlackClock "0:01:58"]

1. e4 c5 2. Nf3 d6 3. d4 cxd4 4. Nxd4 Nf6 5. Nc3 a6 6. Be2 e5 7. Nb3 Be6 8. O-O Be7 9. a4 O-O 10. Re1 Nbd7 11. Be3 Rc8 12. a5 Rxc3 13. bxc3 Nxe4 14. Bf3 Nxc3 15. Qd2 Nb5 16. Bxb7 d5 17. Bxd5 Bf5 18. Bb7 Qc7 19. Bxa6 Nc3 20. Bd3 e4 21. Bd4 Bb4 22. Qg5 Bg6 23. Bf1 h6 24. Qg3 Qc8 25. a6 Nb5 26. Bxb5 1-0

[Event "November 21 Early 2023"]
[Site "https://www.chess.com"]
[Date "2023.11.21"]
[Round "1"]
[White "Haitin, Ilja"]
[Black "Hasangatin, Ramil"]
[Result "0-1"]
[Board "118"]
[TimeControl "180+1"]
[WhiteFideId "4501764"]
[BlackFideId "4122160"]
[WhiteElo "2221"]
[BlackElo "2317"]
[WhiteTeam "EST"]
[BlackTeam "RUS"]
[WhiteClock "0:00:01"]
[BlackClock "0:01:09"]

1. Nf3 d5 2. g3 Nc6 3. d4 Bf5 4. Nc3 Nb4 5. e4 Bxe4 6. Nxe4 dxe4 7. a3 exf3 8. axb4 Qd5 9. c4 Qe4+ 10. Be3 e6 11. Bd3 Qg4 12. h3 Qh5 13. g4 Qh4 14. Qxf3 Bxb4+ 15. Kf1 c6 16. d5 Ne7 17. dxe6 O-O 18. exf7+ Rxf7 19. Qe2 Ng6 20. c5 Kh8 21. Bxg6 hxg6 22. Qc4 Raf8 23. Rh2 Qg3 24. Qxb4 Qxh2 25. Qe4 Rxf2+ 0-1

[Event "November 21 Early 2023"]
[Site "https://www.chess.com"]
[Date "2023.11.21"]
[Round "1"]
[White "Shuvalova, Polina"]
[Black "Willy, Stephen"]
[Result "1-0"]
[Board "119"]
[TimeControl "180+1"]
[WhiteFideId "24171760"]
[BlackFideId "30981468"]
[WhiteElo "2342"]
[BlackElo "2139"]
[WhiteTeam "RUS"]
[BlackTeam "USA"]
[WhiteClock "0:00:51"]
[BlackClock "0:00:00"]

1. e4 d5 2. exd5 Nf6 3. d4 Bg4 4. Be2 Bxe2 5. Qxe2 Qxd5 6. Nf3 Nc6 7. Be3 e6 8. O-O Bd6 9. h3 O-O-O 10. c4 Qh5 11. Nc3 Rhg8 12. Ng5 Qg6 13. Rfd1 e5 14. d5 Nd4 15. Qd3 Nc2 16. Qxg6 fxg6 17. Rac1 Nxe3 18. fxe3 Bc5 19. Re1 Be7 20. Ne6 Rd7 21. a3 a5 22. Kh2 c6 23. e4 Kb8 24. Rc2 Rc8 25. Na4 Bd8 26. Nac5 Re7 27. Ree2 Ne8 28. Nd3 cxd5 29. exd5 e4 30. Rxe4 Nd6 31. Re1 Nxc4 32. Nxd8 Rxe1 33. Nxe1 Rxd8 34. Rxc4 Rxd5 35. Nf3 Rb5 36. b4 axb4 37. axb4 Ka7 38. Re4 Rb6 39. Ng5 1-0

[Event "November 21 Early 2023"]
[Site "https://www.chess.com"]
[Date "2023.11.21"]
[Round "1"]
[White "Selbes, Tamer Tarik"]
[Black "Shoker, Samy"]
[Result "0-1"]
[Board "120"]
[TimeControl "180+1"]
[WhiteFideId "6302513"]
[BlackFideId "627143"]
[WhiteElo "2290"]
[BlackElo "2475"]
[WhiteTeam "TUR"]
[BlackTeam "EGY"]
[WhiteClock "0:00:11"]
[BlackClock "0:00:24"]

1. d4 Nf6 2. c4 d6 3. Nc3 Bf5 4. Qb3 b6 5. f3 Nc6 6. e3 e5 7. d5 Na5 8. Qd1 e4 9. Qd4 exf3 10. Nxf3 Be7 11. e4 Bg6 12. Bd3 O-O 13. O-O Nd7 14. Kh1 Bf6 15. Qf2 Qe7 16. Bd2 Rae8 17. b4 Nb7 18. Rae1 a5 19. a3 axb4 20. axb4 Ra8 21. Nb5 Ne5 22. Nxe5 Bxe5 23. Bf4 Bf6 24. e5 dxe5 25. Bxg6 hxg6 26. Bg3 Nd6 27. Nxd6 Qxd6 28. c5 Qxd5 29. cxb6 cxb6 30. Qxb6 Rfb8 31. Qc5 Rb5 32. Qxd5 Rxd5 33. Rb1 Rb8 34. Rfe1 Kf8 35. h3 Ke7 36. Re4 Ke6 37. Bf2 Rdb5 38. Rc4 Kd5 39. Rc7 R8b7 40. Rd1+ Ke6 41. Rc6+ Kf5 42. Bc5 g5 43. Rf1+ Kg6 44. g4 Rxb4 45. Bxb4 Rxb4 46. Kg2 Rb2+ 47. Rf2 Rb8 48. Re2 Re8 49. Kf3 Rd8 50. Ke4 Rd4+ 51. Kf3 Rf4+ 52. Kg3 Ra4 53. Kf3 Ra3+ 54. Re3 Ra1 55. Re2 Kh7 56. Re3 g6 57. Rxf6 Rf1+ 58. Ke4 Rxf6 59. Kd5 Re6 60. Rxe5 Rxe5+ 61. Kxe5 Kg7 62. Ke4 Kf6 63. Kd5 Ke7 64. Ke5 f6+ 65. Kd5 Kd7 66. Kd4 Kd6 67. Ke4 Ke6 68. Kd4 Kd6 69. Ke4 Kc5 70. Ke3 Kc4 71. Ke4 Kc5 72. Ke3 Kd5 73. Kd3 Ke5 74. Ke3 f5 75. Kf3 Kd4 76. Kg3 Ke4 77. h4 gxh4+ 78. Kxh4 f4 79. Kg5 f3 80. Kxg6 f2 81. g5 f1=Q 82. Kg7 Qa1+ 0-1

[Event "November 21 Early 2023"]
[Site "https://www.chess.com"]
[Date "2023.11.21"]
[Round "1"]
[White "Poormosavi, Seyed Kian"]
[Black "Xie, Bryan"]
[Result "0-1"]
[Board "121"]
[TimeControl "180+1"]
[WhiteFideId "12585807"]
[BlackFideId "30941296"]
[WhiteElo "2296"]
[BlackElo "2033"]
[WhiteTeam "IRI"]
[BlackTeam "USA"]
[WhiteClock "0:01:30"]
[BlackClock "0:01:07"]

1. Nf3 d5 2. g3 Nf6 3. Bg2 Bf5 4. O-O e6 5. d3 h6 6. c4 c6 7. cxd5 exd5 8. Nc3 Nbd7 9. Nd4 Bh7 10. e4 Nc5 11. b4 Ne6 12. Nxe6 fxe6 13. Qh5+ Nxh5 14. a3 Be7 15. Bb2 Bf6 16. Rac1 O-O 17. Na4 Bxb2 18. Nxb2 Qf6 19. Na4 Qd4 20. Nc5 Rf6 21. Nxb7 Raf8 22. Rc2 Qxd3 23. Rfc1 Bxe4 24. Nc5 Qd4 25. Nxe4 dxe4 26. Rf1 e3 0-1

[Event "November 21 Early 2023"]
[Site "https://www.chess.com"]
[Date "2023.11.21"]
[Round "1"]
[White "Herman, Daniel"]
[Black "Timerkhanov, Alexander"]
[Result "0-1"]
[Board "122"]
[TimeControl "180+1"]
[WhiteFideId "30935008"]
[BlackFideId "24177938"]
[WhiteElo "1897"]
[BlackElo "2278"]
[WhiteTeam "USA"]
[BlackTeam "RUS"]
[WhiteClock "0:00:08"]
[BlackClock "0:00:23"]

1. c4 c6 2. d4 d5 3. cxd5 cxd5 4. Bg5 Nc6 5. Nc3 h6 6. Bh4 a6 7. e3 g5 8. Bg3 Bg7 9. Nf3 Nf6 10. h4 Ne4 11. Nxe4 dxe4 12. Nd2 Bf5 13. Rc1 Rc8 14. Bc4 b5 15. Bb3 Nb4 16. Rxc8 Nd3+ 17. Kf1 Qxc8 18. hxg5 hxg5 19. Rxh8+ Bxh8 20. Qh5 Qc1+ 21. Bd1 Bf6 22. Nb3 Qb1 23. Qe2 Nxb2 24. Ke1 Nxd1 25. Qxd1 Qxa2 26. Nc5 Kf8 27. Qh5 b4 28. Be5 Bxe5 29. dxe5 Qa1+ 30. Ke2 Qb2+ 31. Kd1 Qxe5 32. Qh6+ Qg7 33. Qxa6 Qg6 34. Qxg6 Bxg6 35. Kc1 Ke8 36. Kb2 f5 37. Kb3 Kf7 38. Kxb4 Kf6 39. Kc4 Bf7+ 40. Kd4 e5+ 41. Kc3 Bd5 42. Kb4 f4 43. Kc3 Kf5 44. Kd2 Bc4 45. Nb7 Bd5 46. Nd6+ Ke6 47. Nb5 Bc4 48. Nc3 Bd3 49. Na4 Kf5 50. Nc5 Bf1 51. g3 Bg2 52. Ke1 Kg4 53. Nd7 fxg3 54. fxg3 Kxg3 55. Nxe5 g4 56. Kd2 Bf3 57. Kc3 Kf2 58. Kd4 g3 59. Ng6 g2 60. Nf4 Kg3 0-1

[Event "November 21 Early 2023"]
[Site "https://www.chess.com"]
[Date "2023.11.21"]
[Round "1"]
[White "Zakaryan, David"]
[Black "Rodriguez Urbaneja, Reinaldo Antonio"]
[Result "1-0"]
[Board "123"]
[TimeControl "180+1"]
[WhiteFideId "24101923"]
[BlackFideId "3901610"]
[WhiteElo "2323"]
[BlackElo "2143"]
[WhiteTeam "RUS"]
[BlackTeam "VEN"]
[WhiteClock "0:00:19"]
[BlackClock "0:00:00"]

1. e4 e6 2. d4 d5 3. Nc3 Bb4 4. e5 b6 5. h4 Qd7 6. h5 h6 7. Qg4 Bf8 8. a4 Ba6 9. Nf3 Bxf1 10. Kxf1 a6 11. Ne2 c5 12. g3 Nc6 13. Kg2 Nge7 14. Rd1 cxd4 15. Nexd4 Nxd4 16. Nxd4 Nc6 17. Bf4 Nxd4 18. Rxd4 Qc6 19. Qf3 Be7 20. c4 Rd8 21. Rad1 O-O 22. cxd5 Rxd5 23. Rxd5 exd5 24. Qxd5 Qxa4 25. e6 Qe8 26. Be3 Bc5 27. Bxc5 fxe6 28. Qb7 bxc5 29. Rd7 Qa8 30. Rxg7+ Kh8 31. Rh7+ Kg8 32. Qxa8 Rxa8 33. Rxh6 Kf7 34. Rh7+ Kf6 35. Rc7 Rb8 36. Rxc5 Rxb2 37. Ra5 Rb5 38. Rxb5 axb5 39. Kf3 Kg5 40. g4 b4 41. Ke3 b3 42. Kd3 e5 43. Kc3 e4 44. Kxb3 Kxg4 45. h6 Kf3 46. h7 Kxf2 47. h8=Q e3 48. Qf6+ Ke1 49. Qc3+ Kf2 50. Qd4 Kf3 51. Kc3 e2 52. Qg1 1-0

[Event "November 21 Early 2023"]
[Site "https://www.chess.com"]
[Date "2023.11.21"]
[Round "1"]
[White "Miszler, Levente"]
[Black "Jakubowski, Krzysztof"]
[Result "1-0"]
[Board "124"]
[TimeControl "180+1"]
[WhiteFideId "763276"]
[BlackFideId "1112848"]
[WhiteElo "2186"]
[BlackElo "2369"]
[WhiteTeam "HUN"]
[BlackTeam "POL"]
[WhiteClock "0:00:56"]
[BlackClock "0:00:00"]

1. Nf3 Nf6 2. c4 g6 3. g3 Bg7 4. Bg2 c5 5. O-O O-O 6. Nc3 Nc6 7. d3 d5 8. cxd5 Nxd5 9. Nxd5 Qxd5 10. Be3 Qd6 11. Rc1 b6 12. d4 Ba6 13. dxc5 Qxd1 14. Rfxd1 Bxe2 15. Rd2 Bb5 16. cxb6 axb6 17. b3 Nb4 18. a4 Ba6 19. Bxb6 Bh6 20. Be3 Bxe3 21. fxe3 Rab8 22. Rc7 e6 23. Ra7 Rfd8 24. Rd4 Be2 25. Ne5 Rxd4 26. exd4 Nd3 27. Ra8 Rxa8 28. Bxa8 Nb4 29. Nc6 Nd5 30. b4 Kf8 31. b5 Ke8 32. Ne5 f6 33. Bxd5 fxe5 34. Bxe6 exd4 35. Kf2 Bd1 36. a5 Kd8 37. a6 Kc7 38. Bd5 Kb6 39. Bc6 g5 40. Ke1 Bc2 41. Kd2 Bf5 42. g4 Bxg4 43. Kd3 h5 44. Kxd4 Be2 45. Ke5 g4 46. Kf4 h4 47. Bd7 g3 48. hxg3 hxg3 49. Kxg3 1-0

[Event "November 21 Early 2023"]
[Site "https://www.chess.com"]
[Date "2023.11.21"]
[Round "1"]
[White "Diaz Perez, Michel Alejandro"]
[Black "Tsyhanchuk, Stanislav"]
[Result "1-0"]
[Board "125"]
[TimeControl "180+1"]
[WhiteFideId "3517179"]
[BlackFideId "13505130"]
[WhiteElo "2398"]
[BlackElo "2173"]
[WhiteTeam "CUB"]
[BlackTeam "BLR"]
[WhiteClock "0:00:47"]
[BlackClock "0:00:04"]

1. Nf3 Nf6 2. c4 e6 3. e3 d5 4. b3 c5 5. cxd5 exd5 6. d4 cxd4 7. Nxd4 Nc6 8. Bb2 Bb4+ 9. Nd2 Ne4 10. Nf3 O-O 11. a3 Ba5 12. b4 Bb6 13. Bd3 Nxd2 14. Qxd2 d4 15. exd4 Re8+ 16. Kf1 Bg4 17. Ne5 Nxe5 18. dxe5 Qh4 19. f3 Rad8 20. Qe1 Qxe1+ 21. Kxe1 Rxd3 22. fxg4 Bd4 23. Bxd4 Rxd4 24. Rd1 Rxe5+ 25. Kf2 Rf4+ 26. Kg3 g5 27. Rhe1 Rxe1 28. Rxe1 Kf8 29. Rc1 Rd4 30. Rc3 Ke7 31. h3 Kd6 32. Kf3 b5 33. Ke3 Rd5 34. Rc8 Kd7 35. Rh8 Ke7 36. Rxh7 Rd1 37. Rh6 Rb1 38. Ra6 Rb3+ 39. Ke4 Rb2 40. Rxa7+ Kf6 41. Ra6+ Kg7 42. Kf5 Rxg2 43. Kxg5 Rg3 44. h4 Rf3 45. Ra7 Rd3 46. h5 Rd5+ 47. Kf4 Kf6 48. g5+ Kg7 49. g6 Rxh5 50. gxf7 Kf8 51. Ke4 Rg5 52. Kd4 Rh5 53. Rc7 Rh3 54. Kc5 Rxa3 55. Kxb5 Rf3 56. Kb6 Rf6+ 57. Ka5 Rf1 58. b5 Ra1+ 59. Kb6 Rb1 60. Ka6 Ra1+ 61. Kb7 Rb1 62. b6 Ra1 63. Kb8 Rb1 64. b7 Ra1 65. Kc8 Rg1 66. b8=Q Rd1 1-0

[Event "November 21 Early 2023"]
[Site "https://www.chess.com"]
[Date "2023.11.21"]
[Round "1"]
[White "Kukreja Sankalp"]
[Black "Tristan, Leonardo"]
[Result "0-1"]
[Board "126"]
[TimeControl "180+1"]
[WhiteFideId "45027676"]
[BlackFideId "113816"]
[WhiteElo "2126"]
[BlackElo "2483"]
[WhiteTeam "IND"]
[BlackTeam "ARG"]
[WhiteClock "0:00:03"]
[BlackClock "0:00:06"]

1. e4 d5 2. exd5 Qxd5 3. Nc3 Qa5 4. d4 Nf6 5. Nf3 Bf5 6. Bd2 e6 7. Bc4 Bb4 8. a3 Bxc3 9. Bxc3 Qb6 10. Bd3 Bxd3 11. Qxd3 Nc6 12. O-O O-O 13. Ne5 Nxe5 14. dxe5 Nd5 15. Bd4 c5 16. Be3 Qxb2 17. Bxc5 Rfc8 18. Rab1 Qxe5 19. Bd4 Qc7 20. Rfc1 Qc4 21. Qd2 b6 22. c3 Rc7 23. Qg5 f6 24. Qg4 e5 25. Qe6+ Kh8 26. Rd1 Nxc3 27. Qxc4 Rxc4 28. Bxc3 Rxc3 29. a4 Rac8 30. g3 h5 31. Rd7 R3c7 32. Rbd1 Kh7 33. R7d6 Kg6 34. h4 Kf5 35. R1d3 Rc3 36. Rd2 R8c6 37. Rd7 Rc7 38. Rd8 R3c4 39. Rh8 Rxa4 40. Rxh5+ Kg4 41. Rh8 Kh3 42. Rd1 Rd4 43. Re1 Rc2 44. Rg8 Rdd2 45. Rf1 e4 46. Re8 f5 47. Re5 g6 48. Re6 Re2 49. Rxg6 e3 50. Rf6 exf2+ 51. Kh1 Re1 0-1

[Event "November 21 Early 2023"]
[Site "https://www.chess.com"]
[Date "2023.11.21"]
[Round "1"]
[White "Priasmoro, Novendra"]
[Black "Spichkin, Alexander"]
[Result "1-0"]
[Board "127"]
[TimeControl "180+1"]
[WhiteFideId "7105029"]
[BlackFideId "4144074"]
[WhiteElo "2412"]
[BlackElo "1968"]
[WhiteTeam "INA"]
[BlackTeam "RUS"]
[WhiteClock "0:01:11"]
[BlackClock "0:01:04"]

1. f3 d6 2. g3 c6 3. Nh3 Nd7 4. Nf2 h6 5. Bg2 g5 6. O-O Bg7 7. e4 h5 8. d4 e5 9. dxe5 Nxe5 10. Nd3 g4 11. Nxe5 Bxe5 12. f4 Qb6+ 13. Kh1 h4 14. gxh4 Bxb2 15. Bxb2 Qxb2 16. Nd2 Rxh4 17. Nc4 Qh8 18. Nxd6+ Kf8 19. Qd3 Be6 20. Qg3 Rd8 21. Rad1 Bc4 22. Nxc4 Re8 23. Ne5 Nf6 24. Rd6 Nxe4 25. Bxe4 Rh3 26. Qxg4 Rxh2+ 27. Kg1 Rh4 28. Qf5 Qg7+ 29. Rg6 Rxe5 30. fxe5 Qh7 31. Qc8+ Ke7 32. Qc7+ Kf8 33. Qd8# 1-0

[Event "November 21 Early 2023"]
[Site "https://www.chess.com"]
[Date "2023.11.21"]
[Round "1"]
[White "Su, Dion"]
[Black "Matinian, Nikita"]
[Result "0-1"]
[Board "128"]
[TimeControl "180+1"]
[WhiteFideId "2029731"]
[BlackFideId "24129100"]
[WhiteElo "2400"]
[BlackElo "2417"]
[WhiteTeam "USA"]
[BlackTeam "FID"]
[WhiteClock "0:01:04"]
[BlackClock "0:02:26"]

1. e4 c5 2. Nf3 e6 3. d4 cxd4 4. Nxd4 Nc6 5. Nc3 Qc7 6. Ndb5 Qb8 7. g3 a6 8. Nd4 Bc5 9. Nb3 Ba7 10. Bg2 Nf6 11. Qe2 b5 12. Be3 b4 13. Na4 a5 14. O-O-O Ba6 15. Qd2 Bb5 16. Nac5 a4 17. Nxd7 Bxe3 18. fxe3 axb3 19. Nxf6+ gxf6 20. Qd7+ Kf8 21. cxb3 Rxa2 22. Bf1 Ra1+ 23. Kc2 Rxd1 24. Qxd1 0-1

[Event "November 21 Early 2023"]
[Site "https://www.chess.com"]
[Date "2023.11.21"]
[Round "1"]
[White "MKlose11"]
[Black "Gundam, Rohit"]
[Result "0-1"]
[Board "129"]
[TimeControl "180+1"]
[BlackFideId "75002809"]
[WhiteElo "2677"]
[BlackElo "2400"]
[BlackTeam "USA"]
[WhiteClock "0:01:00"]
[BlackClock "0:00:43"]

1. e4 e5 2. Nf3 Nc6 3. d4 exd4 4. Bc4 Bc5 5. Ng5 Nh6 6. Nxf7 Nxf7 7. Bxf7+ Kxf7 8. Qh5+ g6 9. Qxc5 d5 10. e5 Re8 11. O-O Rxe5 12. Bf4 Re4 13. Bg3 Bf5 14. Nd2 Re2 15. Rad1 Qd7 16. Qb5 Rae8 17. Nf3 Bxc2 18. Rc1 d3 19. Qxb7 Rb8 20. Qa6 Rxb2 21. h3 Rb4 22. a3 Rb6 23. Ne5+ Rxe5 0-1

[Event "November 21 Early 2023"]
[Site "https://www.chess.com"]
[Date "2023.11.21"]
[Round "1"]
[White "Marchesich, Giovanni"]
[Black "GaiozNigalidze"]
[Result "1-0"]
[Board "130"]
[TimeControl "180+1"]
[WhiteFideId "2824790"]
[WhiteElo "2198"]
[BlackElo "2675"]
[WhiteTeam "ITA"]
[WhiteClock "0:00:27"]
[BlackClock "0:00:46"]

1. e4 c5 2. Nf3 Nc6 3. Nc3 Nf6 4. d4 cxd4 5. Nxd4 e5 6. Ndb5 d6 7. Bg5 a6 8. Na3 b5 9. Nab1 Be7 10. Bxf6 Bxf6 11. Nd5 Bg5 12. c3 O-O 13. Be2 Be6 14. O-O Ne7 15. a4 Nxd5 16. exd5 Bd7 17. axb5 axb5 18. Rxa8 Qxa8 19. Na3 Rb8 20. Qb3 Qa5 21. Ra1 g6 22. Nc2 Qb6 23. Qa2 Bh4 24. g3 Bd8 25. Qa7 Be8 26. Ra6 Qxa7 27. Rxa7 Kf8 28. Ra6 Bb6 29. Nb4 Ke7 30. Nc6+ Bxc6 31. dxc6 Bc7 32. Ra7 Kd8 33. Rb7 Rxb7 34. cxb7 b4 35. c4 Bb8 36. b3 Kc7 37. Bf3 Kb6 38. Bd5 f6 39. Kf1 Kc5 40. Ke2 Kd4 41. f3 Kc3 42. c5 dxc5 43. Ke3 f5 44. g4 Ba7 45. Bc4 Kc2 46. h4 Kc3 47. h5 gxh5 48. gxf5 h4 49. f6 h3 50. Kf2 e4 1-0

[Event "November 21 Early 2023"]
[Site "https://www.chess.com"]
[Date "2023.11.21"]
[Round "1"]
[White "Starozhilov, Leonid"]
[Black "Mushini Ajay"]
[Result "1-0"]
[Board "131"]
[TimeControl "180+1"]
[WhiteFideId "14106752"]
[BlackFideId "35066188"]
[WhiteElo "2270"]
[BlackElo "2162"]
[WhiteTeam "UKR"]
[BlackTeam "IND"]
[WhiteClock "0:00:43"]
[BlackClock "0:00:30"]

1. e4 c5 2. Nf3 d6 3. Bb5+ Bd7 4. c4 Bxb5 5. cxb5 Nf6 6. Nc3 g6 7. O-O Bg7 8. d4 cxd4 9. Nxd4 O-O 10. Be3 Nbd7 11. h3 Ne5 12. b3 Rc8 13. Rc1 Qa5 14. Qd2 Qd8 15. a4 Ned7 16. f3 Nc5 17. b4 Ncd7 18. f4 Nb6 19. Nde2 Nc4 20. Qd3 Nxe3 21. Qxe3 Rc4 22. Rfd1 Qb8 23. e5 dxe5 24. fxe5 Nh5 25. g4 Bxe5 26. gxh5 Bf4 27. Nxf4 Rxf4 28. Nd5 Rh4 29. Nxe7+ Kg7 30. Nf5+ gxf5 31. Qg5+ Kh8 32. Qf6+ Kg8 33. Qxh4 Qe5 34. Rc2 Kh8 35. Qd4 Rg8+ 36. Kf1 f6 37. Qxe5 fxe5 38. h6 e4 39. Rd7 Rd8 40. Rcc7 Rxd7 41. Rxd7 Kg8 42. Kf2 Kf8 43. Ke3 Ke8 44. Rxb7 Kf8 45. Rxh7 1-0

[Event "November 21 Early 2023"]
[Site "https://www.chess.com"]
[Date "2023.11.21"]
[Round "1"]
[White "Pein, Jonathan"]
[Black "Sadykov, Ramil"]
[Result "0-1"]
[Board "132"]
[TimeControl "180+1"]
[WhiteFideId "417092"]
[BlackFideId "24113590"]
[WhiteElo "2192"]
[BlackElo "2245"]
[WhiteTeam "ENG"]
[BlackTeam "FID"]
[WhiteClock "0:00:16"]
[BlackClock "0:00:07"]

1. b3 c5 2. Bb2 Nf6 3. g3 Nc6 4. Nf3 g6 5. Bg2 Bg7 6. O-O O-O 7. e3 d5 8. Ne5 Nxe5 9. Bxe5 Bg4 10. Qc1 Qd7 11. d3 Bh3 12. Nd2 Bxg2 13. Kxg2 Bh6 14. Qb2 Qf5 15. Nf3 Ng4 16. h3 Nxe5 17. Qxe5 Qxe5 18. Nxe5 Bg7 19. f4 Rfd8 20. Rad1 f6 21. Nf3 b5 22. c4 a6 23. e4 dxe4 24. dxe4 e6 25. Kf2 Kf7 26. Ke3 Ke7 27. e5 bxc4 28. bxc4 Rdb8 29. exf6+ Bxf6 30. Rd2 Rb4 31. Rfd1 Ra7 32. Ne5 Bxe5 33. fxe5 Rxc4 34. Rd8 Rc3+ 35. Kf4 Rb7 36. g4 h6 37. R8d3 Rb4+ 38. Ke3 Rxd3+ 39. Rxd3 Ra4 40. a3 h5 41. gxh5 gxh5 42. Rc3 c4 43. Kd4 Kd7 44. h4 Ra5 45. Rxc4 Rxa3 46. Rb4 Rh3 47. Kc5 Kc7 48. Rf4 Rc3+ 49. Kb4 Rh3 50. Kc5 Rc3+ 51. Kb4 Re3 52. Rf7+ Kc6 53. Ra7 Re4+ 54. Ka5 Kd5 55. Rxa6 Rxh4 56. Ra8 Rg4 57. Kb5 h4 58. Rd8+ Kxe5 59. Kc5 Ke4 60. Rh8 e5 61. Kd6 Kd4 62. Ra8 e4 63. Ra4+ Ke3 64. Ra3+ Kf2 65. Kd5 e3 66. Ra4 Rxa4 67. Ke5 e2 68. Kf5 e1=Q 69. Kg5 Qa5+ 70. Kg6 Rb4 71. Kh7 Rb6 72. Kg8 Qa7 73. Kf8 Rb8# 0-1

[Event "November 21 Early 2023"]
[Site "https://www.chess.com"]
[Date "2023.11.21"]
[Round "1"]
[White "Wu, Derek"]
[Black "ploxoi"]
[Result "0-1"]
[Board "133"]
[TimeControl "180+1"]
[WhiteFideId "30914558"]
[WhiteElo "2211"]
[BlackElo "2397"]
[WhiteTeam "USA"]
[WhiteClock "0:01:30"]
[BlackClock "0:02:33"]

1. d4 e6 2. e4 d5 3. Nc3 Bb4 4. e5 Ne7 5. a3 Bxc3+ 6. bxc3 c5 7. Qg4 cxd4 8. Qxg7 Rg8 9. Qxh7 Qc7 10. Ne2 Nbc6 11. f4 dxc3 12. Qd3 d4 13. Nxd4 Nxd4 14. Qxd4 Bd7 15. Rb1 Nf5 16. Qc4 Qxc4 17. Bxc4 Rxg2 18. Rxb7 Rxc2 19. Bd3 Rxc1+ 0-1

[Event "November 21 Early 2023"]
[Site "https://www.chess.com"]
[Date "2023.11.21"]
[Round "1"]
[White "Kotepalli, Sai Nirupama"]
[Black "Ovetchkin, Roman"]
[Result "0-1"]
[Board "134"]
[TimeControl "180+1"]
[WhiteFideId "5039444"]
[BlackFideId "4119991"]
[WhiteElo "2397"]
[BlackElo "2381"]
[WhiteTeam "IND"]
[BlackTeam "RUS"]
[WhiteClock "0:00:30"]
[BlackClock "0:00:47"]

1. e4 c6 2. d3 d5 3. Nd2 Qc7 4. Ngf3 Bg4 5. h3 Bh5 6. c3 e6 7. Qb3 Nf6 8. e5 Nfd7 9. d4 c5 10. Be2 Nc6 11. O-O Be7 12. Re1 O-O 13. g4 Bg6 14. Nf1 Qb6 15. Be3 c4 16. Qxb6 axb6 17. Ng3 b5 18. a3 Nb6 19. Rad1 Na4 20. Rd2 Bxa3 21. bxa3 Nxc3 22. h4 Rxa3 23. h5 Nxe2+ 24. Rdxe2 Bd3 25. Rd2 b4 26. Rc1 h6 27. Ne1 Bh7 28. Ne2 b5 29. g5 hxg5 30. Bxg5 Rfa8 31. Nf4 b3 32. Nf3 b4 33. Ne2 Ra1 34. Rb2 Bd3 35. Nf4 Rxc1+ 0-1

[Event "November 21 Early 2023"]
[Site "https://www.chess.com"]
[Date "2023.11.21"]
[Round "1"]
[White "Akhmedinov, Satbek"]
[Black "Martin Duque, Jesus"]
[Result "0-1"]
[Board "135"]
[TimeControl "180+1"]
[WhiteFideId "13714287"]
[BlackFideId "2208954"]
[WhiteElo "2120"]
[BlackElo "2319"]
[WhiteTeam "KAZ"]
[BlackTeam "ESP"]
[WhiteClock "0:00:35"]
[BlackClock "0:01:23"]

1. e4 c6 2. Nf3 d5 3. Nc3 dxe4 4. Nxe4 Nf6 5. Qe2 Nxe4 6. Qxe4 Be6 7. d4 Bd5 8. Qe3 Bxf3 9. gxf3 g6 10. b3 Bg7 11. Bb2 O-O 12. O-O-O c5 13. h4 Nc6 14. d5 Nd4 15. h5 Nf5 16. Qxc5 Rc8 17. Qb5 Qc7 18. Bd3 Bxb2+ 19. Kxb2 Qc3+ 20. Kb1 Nd4 21. Qa4 Nxc2 22. Bc4 Rxc4 23. Qxa7 Rfc8 24. hxg6 hxg6 25. f4 Rb4 26. d6 Rxb3+ 27. axb3 Qxb3+ 28. Kc1 Nd4+ 29. Kd2 Qc2+ 30. Ke3 Qe2+ 31. Kxd4 Rc4+ 32. Kd5 e6# 0-1

[Event "November 21 Early 2023"]
[Site "https://www.chess.com"]
[Date "2023.11.21"]
[Round "1"]
[White "Sharafiev, Azat"]
[Black "FrenchHarvey"]
[Result "0-1"]
[Board "136"]
[TimeControl "180+1"]
[WhiteFideId "4186214"]
[WhiteElo "2306"]
[BlackElo "2671"]
[WhiteTeam "RUS"]
[WhiteClock "0:00:11"]
[BlackClock "0:00:25"]

1. Nf3 d5 2. e3 Nf6 3. c4 c6 4. b3 Bf5 5. Bb2 e6 6. Be2 Nbd7 7. O-O Bd6 8. d4 Ne4 9. Nbd2 O-O 10. Ne5 Nxe5 11. dxe5 Bb4 12. Nxe4 Bxe4 13. cxd5 cxd5 14. Qd4 Be7 15. Rac1 Qd7 16. f3 Bg6 17. e4 b6 18. Kh1 Bc5 19. Qd2 Rad8 20. Rfd1 Qb7 21. exd5 Rxd5 22. Qf4 Rfd8 23. Rxd5 Qxd5 24. Bc3 h6 25. h3 Qb7 26. Bc4 b5 27. Be2 Qb6 28. Rd1 Rc8 29. Bd4 Bxd4 30. Qxd4 Qxd4 31. Rxd4 Rc2 32. Bxb5 Rxa2 33. Rd8+ Kh7 34. Be8 Re2 35. Rd7 Kg8 36. Rxa7 Rxe5 37. Ra8 Re1+ 38. Kh2 Rb1 39. Rb8 Kf8 40. b4 Ke7 41. b5 Bd3 42. Bc6 Rb2 43. b6 Kd6 44. Be8 Ke7 45. Ba4 Ba6 46. Bc6 Kd6 47. Be4 f5 48. Ba8 f4 49. b7 Ke5 50. Rg8 Bxb7 51. Bxb7 Rxb7 52. Ra8 g5 53. h4 Kf6 54. Rf8+ Kg7 55. Re8 Kf7 56. Rh8 Kg7 57. Re8 Rb6 58. Kh3 Kf7 59. Rh8 Kg6 60. hxg5 Kxg5 61. Rg8+ Kf5 62. Kh4 e5 63. g4+ fxg3 64. Kxg3 Rg6+ 65. Rxg6 Kxg6 66. Kg4 Kf6 67. f4 e4 68. Kh3 Kf5 69. Kg3 h5 70. Kf2 Kxf4 71. Ke2 e3 72. Kf1 Kf3 73. Ke1 e2 0-1

[Event "November 21 Early 2023"]
[Site "https://www.chess.com"]
[Date "2023.11.21"]
[Round "1"]
[White "Skliarov, Viktor"]
[Black "Sliwicki, Damian"]
[Result "1-0"]
[Board "137"]
[TimeControl "180+1"]
[WhiteFideId "14106736"]
[BlackFideId "1127128"]
[WhiteElo "2304"]
[BlackElo "1992"]
[WhiteTeam "UKR"]
[BlackTeam "POL"]
[WhiteClock "0:00:07"]
[BlackClock "0:00:07"]

1. e4 c5 2. Nf3 g6 3. c3 Bg7 4. Na3 Nc6 5. h3 e5 6. Nc4 d5 7. exd5 Qxd5 8. d3 Be6 9. Ng5 O-O-O 10. Nxe6 Qxe6 11. Qf3 f5 12. Be2 Nf6 13. O-O Kb8 14. Be3 e4 15. dxe4 Nxe4 16. Rad1 Ne5 17. Nxe5 Bxe5 18. Bd3 Ka8 19. Kh1 Qc6 20. Bxe4 fxe4 21. Qg4 h5 22. Qg5 Rde8 23. Rd2 b6 24. Rfd1 Bc7 25. Rd7 Re5 26. Qg3 Rhe8 27. Bf4 g5 28. Bxe5 Bxe5 29. Qxg5 e3 30. fxe3 Bc7 31. Qd5 Kb7 32. Qxc6+ Kxc6 33. Rh7 Rxe3 34. Rxh5 Re2 35. Rb1 b5 36. Rf5 b4 37. cxb4 cxb4 38. a3 b3 39. Rf3 a6 40. Rxb3 a5 41. Rc3+ Kb7 42. b4 a4 43. b5 Be5 44. Rc4 Ra2 45. Rxa4 Kb6 46. Ra6+ Kb7 47. Re6 Bc7 48. b6 Bb8 49. Re7+ Ka8 50. b7+ Ka7 51. Re8 Rxa3 52. Rxb8 Kxb8 53. Kh2 Rc3 54. h4 Rc7 55. Kh3 Rh7 56. g4 Rh8 57. h5 Rh7 58. Kh4 Rc7 59. h6 Rc6 60. Kh5 Rc5+ 61. g5 Rc6 62. h7 Rc8 63. bxc8=Q+ Ka7 64. Qc7+ Ka8 65. Ra1# 1-0

[Event "November 21 Early 2023"]
[Site "https://www.chess.com"]
[Date "2023.11.21"]
[Round "1"]
[White "Dwilewicz, Katarzyna"]
[Black "Koellner, Ruben Gideon"]
[Result "0-1"]
[Board "138"]
[TimeControl "180+1"]
[WhiteFideId "1148486"]
[BlackFideId "12993093"]
[WhiteElo "2098"]
[BlackElo "2347"]
[WhiteTeam "POL"]
[BlackTeam "GER"]
[WhiteClock "0:00:01"]
[BlackClock "0:00:18"]

1. e4 d6 2. Nc3 Nf6 3. f4 e5 4. d4 exd4 5. Qxd4 Nc6 6. Qd3 d5 7. e5 Nb4 8. Qe2 Ne4 9. Nxe4 dxe4 10. a3 Nd5 11. Qxe4 g6 12. Bc4 c6 13. Nf3 Bf5 14. Qe2 Bc5 15. h3 h5 16. Bd3 Bxd3 17. Qxd3 Qb6 18. b4 Bf2+ 19. Ke2 O-O-O 20. Qc4 Bg3 21. Rf1 Rhe8 22. b5 Qxb5 23. Qxb5 Nc3+ 24. Ke3 cxb5 25. Nd2 Nd5+ 26. Kf3 Bxf4 27. Ne4 Bxe5 28. Rb1 f5 29. Nc5 Nc3 30. Bg5 Rd5 31. Nd3 Nxb1 32. Rxb1 Bd6 33. a4 bxa4 34. Bd2 a3 35. Rb3 a2 36. Bc3 Rxd3+ 37. cxd3 Re1 38. Bxe1 a1=Q 39. Rc3+ Kd7 40. Bd2 Qd1+ 41. Ke3 f4+ 0-1